 Dungeon Crawl Stone Soup version 0.20.1-1-g8b1a95d (webtiles) character file.

1290 PhyxPenguin the Ruffian (level 8, -5/75 HPs)
             Began as a Troll Fighter on Nov 12, 2017.
             Killed by divine providence
             ... invoked by an orc priest
              (11 damage)
             ... on level 8 of the Dungeon.
             The game lasted 00:41:03 (4586 turns).

PhyxPenguin the Ruffian (Troll Fighter)             Turns: 4586, Time: 00:41:33

Health: -5/75      AC:  8    Str: 30    XL:     8   Next: 30%
Magic:  7/7        EV: 10    Int:  4    God:
Gold:   84         SH: 10    Dex: 10    Spells: 7/7 levels left

rFire    . . .     SeeInvis .     - Unarmed
rCold    . . .     Gourm    +   b - +0 shield
rNeg     . . .     Faith    .   a - +1 robe
rPois    .         Spirit   .   (helmet restricted)
rElec    .         Reflect  .   (no cloak)
rCorr    .         Harm     .   (gloves unavailable)
MR       .....     Rnd*Tele +   (boots unavailable)
Stlth    +.........             q - amulet of magic regeneration
Regen    0.7/turn               h - ring of teleportation
MPRegen  0.2/turn               g - +4 ring of strength

@: lethally poisoned (-5 -> -5), about to teleport
A: unfitting armour, claws 3, molten scales 1, fast metabolism 3, gourmand,
regeneration 1, shaggy fur 1, tough skin 2
a: no special abilities


You were on level 8 of the Dungeon.
You were not hungry.

You visited 1 branch of the dungeon, and saw 8 of its levels.

You collected 352 gold pieces.
You spent 268 gold pieces at shops.

Inventory:

Armour
 a - a +1 robe (worn)
 b - a +0 shield (worn)
Jewellery
 e - an uncursed ring of ice
 g - a +4 ring of strength (right claw)
 h - a ring of teleportation (left claw)
 q - an amulet of magic regeneration (around neck)
Wands
 f - a wand of acid (3/15)
Scrolls
 m - 4 scrolls of amnesia
 n - a scroll of identify
 o - a scroll of enchant armour
 p - a scroll of summoning {unknown}
 r - 3 scrolls of remove curse
Potions
 c - 2 potions of might
 d - a potion of mutation
 j - a potion of resistance
 s - a potion of curing
 t - a potion of cancellation
Comestibles
 k - 2 meat rations
 l - a bread ration


   Skills:
 + Level 3.3 Fighting
 + Level 4.6 Dodging
 + Level 0.6 Stealth
 + Level 5.0 Shields
 + Level 6.6 Unarmed Combat


You had 7 spell levels left.
You didn't know any spells.

Dungeon Overview and Level Annotations

Branches:
Dungeon (8/15)
 Temple: D:4-7         Lair: D:8-11

Altars:
The Shining One

Shops:
D:4 =   D:7 **


Innate Abilities, Weirdness & Mutations

You are too large for most types of armour.
You have claws for hands.
Your metabolism is lightning-fast.
You like to eat raw meat.
Your natural rate of healing is unusually fast.
You are covered in fur. (AC +1)
You have very tough skin. (AC +2)
You are partially covered in molten scales. (AC +2)


Message History

The orc hits you but does no damage.
You mangle the orc!!
You kill the orc!
You feel sick. The bullfrog completely misses you.
You block the killer bee's attack.
The orc wizard gestures at you while chanting.
The puff of flame hits you! The killer bee barely misses you.
You mangle the killer bee!!
You kill the killer bee!
You feel sick. The killer bee stings you!
* * * LOW HITPOINT WARNING * * *
The killer bee completely misses you. The bullfrog hits you.
* * * LOW HITPOINT WARNING * * *
The killer bee stings you.
* * * LOW HITPOINT WARNING * * *
The killer bee misses you. You block the orc priest's attack.
The bullfrog misses you.
The orc priest calls down the wrath of Beogh upon you.
Beogh smites you!
You die...

.# . #.#.##.#...#
.###.#.#.##.#..##
.....#.#....##.#
.......†...## ..
####.#..(..#
#.#######
#.#######
#.......# #
#.......#
#..o....#
###.##y@)o(..#
......Fyo....#
$......W.....#
............$#
###.#####..### #.
#.# . .. # #.# ..


You could see a hungry ghost, a bullfrog, 2 killer bees, 2 orc priests and an
orc wizard.

Vanquished Creatures
  A sky beast (D:6)
  An ice beast (D:7)
  2 ogres (D:4)
  2 bullfrogs
  3 scorpions
  A killer bee (D:8)
  A howler monkey (D:4)
  3 hounds
  2 jellies
  2 iguanas
  2 worker ants
  6 orc wizards
  A gnoll (D:1)
  3 adders
  3 shadow imps
  2 worms (D:4)
  2 dart slugs
  3 leopard geckos
  24 orcs
  9 bats
  2 giant cockroaches
  2 goblins
  2 hobgoblins (D:2)
  10 jackals
  3 quokkas
  3 ball pythons
  6 frilled lizards
  A jackal skeleton (D:4)
  6 kobolds
  A quokka skeleton (D:6)
  3 rats
112 creatures vanquished.

Notes
Turn   | Place    | Note
-------+----------+-------------------------------------------
     0 | D:1      | PhyxPenguin the Troll Fighter began the quest for the Orb.
     0 | D:1      | Reached XP level 1. HP: 22/22 MP: 0/0
   278 | D:1      | Reached XP level 2. HP: 29/29 MP: 1/1
   771 | D:2      | Reached XP level 3. HP: 33/36 MP: 2/2
   883 | D:2      | Found a glowing golden altar of the Shining One.
  1567 | D:3      | Found a faded altar of an unknown god.
  2188 | D:4      | Noticed a scorpion
  2208 | D:4      | Killed a scorpion
  2208 | D:4      | Reached skill level 3 in Unarmed Combat
  2208 | D:4      | Reached XP level 4. HP: 21/44 MP: 3/3
  2210 | D:4      | Gained mutation: You are partially covered in molten scales. (AC +2) [potion of mutation]
  2299 | D:4      | Noticed an ogre
  2304 | D:4      | Noticed an ogre
  2307 | D:4      | Killed an ogre
  2307 | D:4      | Reached XP level 5. HP: 52/52 MP: 4/4
  2317 | D:4      | Killed an ogre
  2317 | D:4      | Reached XP level 6. HP: 45/59 MP: 5/5
  2509 | D:4      | Found Litt's Jewellery Shoppe.
  2698 | D:4      | Reached skill level 4 in Unarmed Combat
  2908 | D:5      | Entered Level 5 of the Dungeon
  2941 | D:5      | Reached XP level 7. HP: 58/67 MP: 6/6
  3509 | D:6      | Reached skill level 5 in Unarmed Combat
  4060 | D:7      | Reached XP level 8. HP: 75/75 MP: 7/7
  4134 | D:7      | Reached skill level 6 in Unarmed Combat
  4156 | D:7      | Identified a scroll of acquirement
  4187 | D:7      | Found Mausidet's General Store.
  4204 | D:7      | Bought a scroll of teleportation for 36 gold pieces
  4204 | D:7      | Bought a potion of curing for 36 gold pieces
  4314 | D:7      | Reached skill level 5 in Shields
  4337 | D:7      | Bought a scroll of teleportation for 36 gold pieces
  4342 | D:7      | Found Viastroy's General Store.
  4345 | D:7      | Bought a meat ration for 80 gold pieces
  4345 | D:7      | Bought a meat ration for 80 gold pieces
  4586 | D:8      | Killed from afar by an orc priest

Skill      XL: |  1  2  3  4  5  6  7  8 |
---------------+-------------------------+-----
Shields        | 3 4 5 |  5.0
Dodging        | 3 4 |  4.6
Unarmed Combat | 3 4 5 6 |  6.6
Fighting       | 3 |  3.3
Stealth        | |  0.6

Action                   |  1- 3 |  4- 6 |  7- 9 || total
-------------------------+-------+-------+-------++-------
Melee: Unarmed           |   127 |   115 |   129 ||   371
  Use: Scroll            |     2 |     9 |     6 ||    17
       Potion            |     1 |     6 |       ||     7
  Eat: Bread ration      |     2 |     1 |     2 ||     5
       Fruit             |     2 |     1 |     1 ||     4
       Royal jelly       |     2 |     1 |       ||     3
       Meat ration       |     1 |       |     1 ||     2
Armor: Robe              |    71 |    64 |    41 ||   176
Dodge: Dodged            |    79 |    71 |    50 ||   200
Block: Shield            |   106 |    89 |    63 ||   258
